 Dungeon Crawl Stone Soup version 0.27.1 (webtiles) character file.

Game seed: 1970184383885502103

8 Malachi the Ruffian (level 2, 0/26 HPs)
             Began as a Ghoul Monk on Aug 21, 2021.
             Constricted to death by a ball python (1 damage)
             ... on level 1 of the Dungeon.
             The game lasted 00:00:24 (350 turns).

Malachi the Ruffian (Ghoul Monk)                     Turns: 350, Time: 00:00:24

Health: 0/26       AC:  2    Str: 14    XL:     2   Next: 8%
Magic:  1/1        EV:  9    Int:  5    God:
Gold:   0          SH:  0    Dex: 11    Spells: 1/1 levels left

rFire    . . .     SeeInvis .     - Unarmed
rCold    + . .     Faith    .   (no shield)
rNeg     + + +     Spirit   .   a - +0 robe
rPois    ∞         Reflect  .   (no helmet)
rElec    .         Harm     .   (no cloak)
rCorr    .         Rampage  .   (no gloves)
Will     .....                  (no boots)
Stlth    ++........             (no amulet)
HPRegen  0.00/turn              (no ring)
MPRegen  0.07/turn              (no ring)

@: inhibited regen, constricted
A: claws 1, cold resistance 1, negative energy resistance 3, inhibited
regeneration, torment resistance 2
a: no special abilities


You were on level 1 of the Dungeon.
You visited 1 branch of the dungeon, and saw 1 of its levels.

Inventory:

Armour
 a - a +0 robe (worn)
Scrolls
 b - a scroll of teleportation {unknown}
 c - a scroll of fear {unknown}


   Skills:
 + Level 3.4 Fighting
 + Level 2.7 Dodging
 + Level 2.2 Stealth
 + Level 3.6 Unarmed Combat


You had one spell level left.
You didn't know any spells.
Your spell library was empty.

Dungeon Overview and Level Annotations

Branches:
Dungeon (1/15)

Altars:


Innate Abilities, Weirdness & Mutations

You thrive by killing the living.
You are immune to poison.
You have sharp fingernails.
Your flesh is cold resistant. (rC+)
You are immune to negative energy. (rN+++)
You do not regenerate when monsters are visible.
You are immune to unholy pain and torment.


Message History

You are too injured to fight recklessly!
You are too injured to fight recklessly!
You are too injured to fight recklessly!
You are too injured to fight recklessly!
You are too injured to fight recklessly!
You scratch the kobold.
The kobold is moderately wounded.
The kobold misses you. The ball python bites you.
The ball python barely misses you.
You closely miss the ball python.
The ball python is moderately wounded.
The ball python bites you but does no damage.
The ball python grabs you. The ball python constricts you.
The kobold barely misses you.
You scratch the kobold.
You kill the kobold!
The ball python bites you but does no damage.
The ball python constricts you.
You closely miss the ball python.
The ball python is moderately wounded.
The ball python barely misses you. The ball python constricts you.
* * * LOW HITPOINT WARNING * * *
You scratch the dart slug but do no damage.
The ball python barely misses you. The ball python constricts you.
* * * LOW HITPOINT WARNING * * *
The dart slug barely misses you.
You scratch the dart slug.
The dart slug is moderately wounded.
The ball python bites you but does no damage.
The ball python constricts you.
* * * LOW HITPOINT WARNING * * *
The ball python bites you.
* * * LOW HITPOINT WARNING * * *
The ball python constricts you.
* * * LOW HITPOINT WARNING * * *
You completely miss the ball python.
The ball python is moderately wounded.
The dart slug barely misses you. The ball python barely misses you.
The ball python constricts you.
You die...

#......### .......###
#..≈.....#
.......#≈###..#####.#
.......≈≈≈#...#####.#
.......≈≈........##.#
....≈≈###...##.##.#
..≈≈# ##........#
#Sw# #........# #≈@#
#.#...##.# #+###≈≈#
#.#.####.# #.##≈≈.#
#.#.# #.# ####.##≈..#
#.#.####.#
#......≈..#
#........#
#.#...###.#
###.######
..##......##.# #.#
..>......###.# #.#
####.##..###.######.#


You could see a dart slug and a ball python.

Vanquished Creatures
  A ball python (D:1)
  2 endoplasms (D:1)
  A kobold (D:1)
  A quokka (D:1)
  A frilled lizard (D:1)
  A goblin (D:1)
7 creatures vanquished.

Vanquished Creatures (others)
  5 toadstools (D:1)
5 creatures vanquished.

Grand Total: 12 creatures vanquished

Notes
Turn   | Place    | Note
-------+----------+-------------------------------------------
     0 | D:1      | Malachi the Ghoul Monk began the quest for the Orb.
     0 | D:1      | Reached XP level 1. HP: 19/19 MP: 0/0
   323 | D:1      | Reached XP level 2. HP: 26/26 MP: 1/1
   349 | D:1      | HP: 1/26 [constriction (1)]
   350 | D:1      | Constricted to death by a ball python

Illustrated notes

Levels and vault maps discovered:
D:1:      ldierk_walled_garden, layout_loops_corners, serial_rivers,
          chequers_serial_rivers_small_a, chequers_serial_rivers_micro_c,
          chequers_serial_rivers_micro_a, chequers_serial_rivers_room_a

Action                   || total
-------------------------++-------
Melee: Unarmed           ||    29
 Stab: Sleeping          ||     1
Armor: Robe              ||     6
Dodge: Dodged            ||    28
